 Dungeon Crawl Stone Soup version 0.29.0-4-gdea44cf6ec (webtiles) character file.

Game seed: 9934291985310906413

5911 qw the Severer (level 9, -5/83 HPs)
             Began as a Minotaur Fighter on Sept 6, 2022.
             Was a Follower of Ru.
             Slain by a tentacled starspawn (18 damage)
             ... on level 2 of the Abyss.
             The game lasted 00:03:55 (8283 turns).

qw the Severer (Minotaur Fighter)                   Turns: 8283, Time: 00:03:55

Health: -5/83      AC: 16    Str: 26    XL:     9   Next: 53%
Magic:  8/8        EV:  8    Int:  9    God:    Ru [*.....]
Gold:   508        SH:  4    Dex:  9    Spells: 8/8 levels left

rFire   + . .      SeeInvis +   h - +2 war axe
rCold   + . .      Faith    .   c - +0 buckler
rNeg    . . .      Spirit   .   b - +0 chain mail {rC+}
rPois   .          Reflect  .   m - +2 hat
rElec   .          Harm     .   r - +1 cloak
rCorr   +          Rampage  .   (no gloves)
Will    .....                   o - +1 pair of boots
Stlth   ..........              (no amulet)
HPRegen 0.23/turn               e - ring of see invisible
MPRegen 0.11/turn               k - ring "Sapadgh" {rF+ rCorr Int+4}

@: no status effects
A: horns 2, inexperienced 1, retaliatory headbutt
a: Renounce Religion


You were on level 2 of the Abyss.
You worshipped Ru.
Ru was aware of your devotion.
You visited 1 branch of the dungeon, and saw 8 of its levels.
You visited the Abyss 2 times.

You collected 508 gold pieces.


Innate Abilities, Weirdness & Mutations

You have a pair of horns on your head.
You are somewhat inexperienced. (-1 XL)
You reflexively headbutt those who attack you in melee.


   Skills:
 - Level 9.3 Fighting
 - Level 15.4 Axes
 - Level 6.0 Armour
 + Level 2.2 Dodging
 - Level 5.3 Shields


You had 8 spell levels left.
You didn't know any spells.
Your spell library was empty.

Inventory:

Hand Weapons
 h - a +2 war axe (weapon)
 i - a +0 morningstar of protection
Armour
 b - a +0 chain mail of cold resistance (worn)
 c - a +0 buckler (worn)
 m - a +2 hat (worn)
 o - a +1 pair of boots (worn)
 r - a +1 cloak (worn)
Jewellery
 e - a ring of see invisible (left hand)
 j - a ring of resist corrosion
 k - the ring "Sapadgh" (right hand) {rF+ rCorr Int+4}
   (You found it on level 2 of the Dungeon)

   [ring of protection from fire]

   Int:       It affects your intelligence (+4).
   rF:        It protects you from fire.
   rCorr:     It protects you from acid and corrosion.
Scrolls
 a - a scroll of amnesia {unknown}
 n - a scroll of identify
Potions
 d - a potion of might
 f - a potion of curing
 g - a potion of resistance
 s - a potion of invisibility {unknown}

Dungeon Overview and Level Annotations

Branches:
Dungeon (8/15)             Temple (0/1) D:6
   Lair: D:8-11

Altars:
Dithmenos
Gozag
Hepliaklqana
Makhleb
Nemelex Xobeh
Ru
Vehumet
Xom
The Shining One

Annotations:
D:8 Joseph


Message History

You block the sun demon's attack.
You slash the sun demon!
The sun demon is moderately wounded.
The sun demon barely misses you.
You slash the sun demon! Your headbutt misses the sun demon.
The sun demon is heavily wounded.
The sun demon hits you but does no damage.
You slash the sun demon!
The sun demon is severely wounded.
The sun demon hits you but does no damage.
You hit the sun demon.
The sun demon is severely wounded.
You block the sun demon's attack.
You hit the sun demon but do no damage.
The sun demon is severely wounded.
You block the sun demon's attack.
You closely miss the sun demon.
The sun demon is severely wounded.
You closely miss the sun demon.
The sun demon is severely wounded.
The sun demon hits you!
You are engulfed in flames.
You resist.
You slash the sun demon! Your headbutt misses the sun demon.
The sun demon is almost dead.
The sun demon closely misses you.
You barely miss the sun demon.
The sun demon is almost dead.
The sun demon hits you but does no damage.
You barely miss the sun demon.
The sun demon is almost dead.
The sun demon hits you but does no damage.
You slash the sun demon!
You kill the sun demon!
Your Fighting skill increases to level 9!
A wretched star comes into view.
8277 ||| Stepping ~*~*~tactically~*~*~ (stealth).
A tentacled starspawn comes into view.
Tentacles burst from the starspawn's body! 2 starspawn tentacles come into view.
The tentacled starspawn bites you!!
You die...

##.#.
#... *...
. ...
####
#.......#
#.# #.#
#.# #@#
#wX..#
#w#.#....
###... ..
. #.. ###


You could see a tentacled starspawn and 2 starspawn tentacles.

Vanquished Creatures
  A lich (Abyss:2)
  A two-headed ogre (D:8)
  A sun demon (Abyss:2)
  A blink frog (Abyss:2)
  A wyvern (D:7)
  2 steam dragons (D:8)
  An orc warrior (D:6)
  4 ice beasts
  2 sky beasts
  An ogre (D:5)
  A centaur (D:8)
  3 kobold brigands
  4 bullfrogs
  A gnoll sergeant (D:8)
  4 necrophages
  4 scorpions
  A small abomination (D:8)
  5 wights (D:7)
  3 howler monkeys (D:7)
  2 electric eels (D:6)
  3 hounds
  An orc priest (D:3)
  4 jellies
  4 iguanas
  5 orc wizards
  9 gnolls
  5 adders
  A white imp (D:6)
  3 worms
  4 dart slugs
  30 orcs
  10 ball pythons
  An endoplasm (D:3)
  8 giant cockroaches
  7 hobgoblins
  6 quokkas
  5 bats
  2 frilled lizards (D:2)
  7 goblins
  16 kobolds
  3 rats
177 creatures vanquished.

Notes
Turn   | Place    | Note
-------+----------+-------------------------------------------
     0 | D:1      | qw the Minotaur Fighter began the quest for the Orb.
     0 | D:1      | Reached XP level 1. HP: 19/19 MP: 0/0
     0 | D:1      | 0 ||| qw: Version: 0.1-a-108-g9e35731
     0 | D:1      | 0 ||| qw: Game counter: 6323
     0 | D:1      | 0 ||| qw: Always use a shield: true
     0 | D:1      | 0 ||| qw: God list: Ru
     0 | D:1      | 0 ||| qw: Allow faded altars: false
     0 | D:1      | 0 ||| qw: Do Orc after D:15 true
     0 | D:1      | 0 ||| qw: Do second Lair branch before Depths: true
     0 | D:1      | 0 ||| qw: Lair rune preference: random
     0 | D:1      | 0 ||| qw: Plans: Normal
     0 | D:1      | 0 ||| PLANNING D:1-11
    90 | D:1      | Reached skill level 3 in Axes
    90 | D:1      | Reached XP level 2. HP: 17/26 MP: 1/1
   203 | D:1      | 203 ||| DROPPING +0 club.
   340 | D:1      | Reached skill level 4 in Axes
   540 | D:1      | 540 ||| Stepping ~*~*~tactically~*~*~ (hiding).
   546 | D:1      | Reached XP level 3. HP: 31/31 MP: 2/2
   924 | D:1      | 924 ||| READING scroll labelled UREIFA HY POASK.
   929 | D:1      | 929 ||| READING scroll labelled XADYTT KICOA.
   930 | D:1      | 930 ||| READING scroll labelled JECOQE DOTUCW.
  1142 | D:2      | 1142 ||| Stepping ~*~*~tactically~*~*~ (hiding).
  1143 | D:2      | 1143 ||| Stepping ~*~*~tactically~*~*~ (hiding).
  1261 | D:2      | 1261 ||| Stepping ~*~*~tactically~*~*~ (stealth).
  1426 | D:2      | Reached skill level 5 in Axes
  1742 | D:2      | Identified the ring "Sapadgh" {rF+ rCorr Int+4}
  1752 | D:2      | Reached skill level 1 in Dodging
  1792 | D:2      | Reached XP level 4. HP: 39/39 MP: 3/3
  2081 | D:2      | 2081 ||| UPGRADING to +0 chain mail.
  2091 | D:2      | 2091 ||| DROPPING +0 scale mail.
  2092 | D:2      | 2092 ||| UPGRADING to ring of resist corrosion.
  2093 | D:2      | 2093 ||| UPGRADING to ring "Sapadgh" {rF+ rCorr Int+4}.
  2094 | D:2      | 2094 ||| REMOVING ring of resist corrosion.
  2095 | D:2      | 2095 ||| READING scroll labelled JEL KOWICA.
  2096 | D:2      | 2096 ||| READING scroll labelled MEKLIU XASHRU.
  2116 | D:2      | 2116 ||| Stepping ~*~*~tactically~*~*~ (stealth).
  2120 | D:2      | 2120 ||| Stepping ~*~*~tactically~*~*~ (stealth).
  2121 | D:2      | 2121 ||| Stepping ~*~*~tactically~*~*~ (stealth).
  2286 | D:3      | 2286 ||| Stepping ~*~*~tactically~*~*~ (stealth).
  2393 | D:3      | Found a radiant altar of Vehumet.
  2479 | D:3      | 2479 ||| UPGRADING to +2 hat.
  2580 | D:3      | Reached skill level 6 in Axes
  2580 | D:3      | Reached XP level 5. HP: 21/45 MP: 4/4
  2803 | D:3      | 2803 ||| DROPPING +0 whip.
  2871 | D:3      | 2871 ||| READING scroll labelled COTICUOTUNK.
  2872 | D:3      | 2872 ||| READING scroll labelled FIMEUSEBOQ.
  2894 | D:4      | Reached skill level 7 in Axes
  2958 | D:4      | 2958 ||| Stepping ~*~*~tactically~*~*~ (stealth).
  2961 | D:4      | 2961 ||| Stepping ~*~*~tactically~*~*~ (stealth).
  3214 | D:4      | Found an opulent altar of Gozag.
  3337 | D:4      | 3337 ||| Stepping ~*~*~tactically~*~*~ (hiding).
  3345 | D:4      | Reached XP level 6. HP: 52/52 MP: 5/5
  3374 | D:4      | Found a hazy altar of Hepliaklqana.
  3536 | D:4      | 3536 ||| Stepping ~*~*~tactically~*~*~ (stealth).
  3631 | D:4      | 3631 ||| UPGRADING to +0 cloak.
  3636 | D:4      | 3636 ||| READING 2 scrolls labelled XURUWAGRAYTU.
  3637 | D:4      | 3637 ||| READING scroll of enchant armour.
  3637 | D:4      | 3637 ||| ENCHANTING +0 cloak.
  3665 | D:5      | Entered Level 5 of the Dungeon
  3757 | D:5      | Reached skill level 8 in Axes
  3845 | D:5      | 3845 ||| Stepping ~*~*~tactically~*~*~ (hiding).
  3862 | D:5      | Found a burning altar of Makhleb.
  3863 | D:5      | Found a sacrificial altar of Ru.
  3866 | D:5      | Found a shadowy altar of Dithmenos.
  3866 | D:5      | Found a shimmering altar of Xom.
  3891 | D:5      | Became a worshipper of Ru the Awakened
  3952 | D:5      | 3952 ||| Stepping ~*~*~tactically~*~*~ (hiding).
  3968 | D:5      | Reached skill level 9 in Axes
  3968 | D:5      | Reached XP level 7. HP: 43/59 MP: 6/6
  4210 | D:5      | Found a sparkling altar of Nemelex Xobeh.
  4348 | D:5      | Found a glowing golden altar of the Shining One.
  4804 | D:5      | 4804 ||| UPGRADING to +0 pair of boots.
  4809 | D:5      | 4809 ||| DRINKING 2 golden potions.
  4810 | D:5      | 4810 ||| DRINKING 2 blue potions.
  4811 | D:5      | 4811 ||| READING 4 scrolls of identify.
  4811 | D:5      | 4811 ||| IDENTIFYING brown potion
  4812 | D:5      | 4812 ||| READING 3 scrolls of identify.
  4812 | D:5      | 4812 ||| IDENTIFYING glowing purple potion
  4813 | D:5      | 4813 ||| READING 2 scrolls of identify.
  4813 | D:5      | 4813 ||| IDENTIFYING sedimented purple potion
  4814 | D:5      | 4814 ||| DROPPING potion of flight.
  4815 | D:5      | 4815 ||| DROPPING potion of degeneration.
  4816 | D:5      | 4816 ||| DROPPING potion of lignification.
  4880 | D:6      | 4880 ||| Stepping ~*~*~tactically~*~*~ (stealth).
  4964 | D:6      | Reached skill level 10 in Axes
  5028 | D:6      | Reached XP level 8. HP: 70/70 MP: 7/7
  5034 | D:6      | 5034 ||| READING scroll of enchant armour.
  5034 | D:6      | 5034 ||| ENCHANTING +0 pair of boots.
  5045 | D:6      | 5045 ||| FLEEEEING.
  5122 | D:6      | Reached skill level 6 in Fighting
  5288 | D:6      | 5288 ||| Stepping ~*~*~tactically~*~*~ (hiding).
  5472 | D:6      | Found a staircase to the Ecumenical Temple.
  5486 | D:6      | Reached skill level 11 in Axes
  5524 | D:6      | 5524 ||| Stepping ~*~*~tactically~*~*~ (stealth).
  5532 | D:6      | 5532 ||| FLEEEEING.
  5533 | D:6      | 5533 ||| FLEEEEING.
  5534 | D:6      | 5534 ||| FLEEEEING.
  5586 | D:6      | 5586 ||| INVOKING Sacrifice Experience.
  5586 | D:6      | Gained mutation: You are somewhat inexperienced. (-1 XL)
                  | [Ru sacrifice]
  5586 | D:6      | Reached XP level 7. HP: 63/63 MP: 6/6
  5586 | D:6      | Reached * piety under Ru
  5607 | D:6      | 5607 ||| FLEEEEING.
  5608 | D:6      | 5608 ||| FLEEEEING.
  5992 | D:6      | 5992 ||| READING scroll labelled RYUZUP OXKAMID.
  5993 | D:6      | 5993 ||| READING scroll labelled FOIGETH BOIT.
  5994 | D:6      | 5994 ||| READING scroll labelled BUNWOW KOZOH.
  5995 | D:6      | 5995 ||| DRINKING 2 inky potions.
  5996 | D:6      | 5996 ||| READING 3 scrolls of identify.
  5996 | D:6      | 5996 ||| IDENTIFYING yellow potion
  5997 | D:6      | 5997 ||| READING 2 scrolls of identify.
  5997 | D:6      | 5997 ||| IDENTIFYING sapphire potion
  5998 | D:6      | 5998 ||| DROPPING potion of ambrosia.
  5999 | D:6      | 5999 ||| DROPPING potion of attraction.
  6000 | D:6      | 6000 ||| READING scroll of teleportation.
  6078 | D:7      | Reached skill level 12 in Axes
  6289 | D:7      | 6289 ||| Stepping ~*~*~tactically~*~*~ (hiding).
  6301 | D:7      | 6301 ||| Stepping ~*~*~tactically~*~*~ (hiding).
  6312 | D:7      | Reached XP level 8. HP: 67/73 MP: 7/7
  6338 | D:7      | 6338 ||| FLEEEEING.
  6339 | D:7      | 6339 ||| FLEEEEING.
  6340 | D:7      | 6340 ||| FLEEEEING.
  6341 | D:7      | 6341 ||| FLEEEEING.
  6342 | D:7      | 6342 ||| FLEEEEING.
  6343 | D:7      | 6343 ||| FLEEEEING.
  6344 | D:7      | 6344 ||| FLEEEEING.
  6345 | D:7      | 6345 ||| FLEEEEING.
  6346 | D:7      | 6346 ||| FLEEEEING.
  6347 | D:7      | 6347 ||| FLEEEEING.
  6348 | D:7      | 6348 ||| FLEEEEING.
  6349 | D:7      | 6349 ||| FLEEEEING.
  6350 | D:7      | 6350 ||| FLEEEEING.
  6351 | D:7      | 6351 ||| FLEEEEING.
  6352 | D:7      | 6352 ||| FLEEEEING.
  6353 | D:7      | 6353 ||| FLEEEEING.
  6354 | D:7      | 6354 ||| FLEEEEING.
  6355 | D:7      | 6355 ||| FLEEEEING.
  6356 | D:7      | 6356 ||| FLEEEEING.
  6357 | D:7      | 6357 ||| FLEEEEING.
  6359 | D:7      | 6359 ||| FLEEEEING.
  6360 | D:7      | 6360 ||| FLEEEEING.
  6361 | D:7      | 6361 ||| FLEEEEING.
  6362 | D:7      | 6362 ||| FLEEEEING.
  6363 | D:7      | 6363 ||| FLEEEEING.
  6364 | D:7      | 6364 ||| FLEEEEING.
  6365 | D:7      | 6365 ||| FLEEEEING.
  6366 | D:7      | 6366 ||| FLEEEEING.
  6367 | D:7      | 6367 ||| FLEEEEING.
  6368 | D:7      | 6368 ||| STAIRDANCE
  6496 | D:6      | 6496 ||| DROPPING +2 hat.
  6537 | D:7      | 6537 ||| SWAPPING to +2 war axe.
  6538 | D:7      | 6538 ||| DROPPING +1 war axe.
  6541 | D:7      | 6541 ||| DROPPING +0 flail.
  6715 | D:7      | 6715 ||| Stepping ~*~*~tactically~*~*~ (stealth).
  6718 | D:7      | HP: 18/73 [kobold brigand/+0 dagger (1)]
  6719 | D:7      | 6719 ||| DRINKING potion of heal wounds.
  6760 | D:7      | Reached skill level 13 in Axes
  7200 | D:7      | 7200 ||| Stepping ~*~*~tactically~*~*~ (stealth).
  7201 | D:7      | 7201 ||| Stepping ~*~*~tactically~*~*~ (stealth).
  7203 | D:7      | 7203 ||| Stepping ~*~*~tactically~*~*~ (stealth).
  7205 | D:7      | 7205 ||| Stepping ~*~*~tactically~*~*~ (stealth).
  7228 | D:7      | 7228 ||| UPGRADING to +0 chain mail of cold resistance.
  7238 | D:7      | 7238 ||| DROPPING +0 chain mail.
  7239 | D:7      | 7239 ||| UPGRADING to ring of see invisible.
  7240 | D:7      | 7240 ||| Stepping randomly (stuck).
  7241 | D:7      | 7241 ||| Stepping randomly (stuck).
  7242 | D:7      | 7242 ||| Stepping randomly (stuck).
  7243 | D:7      | 7243 ||| Stepping randomly (stuck).
  7244 | D:7      | 7244 ||| Stepping randomly (stuck).
  7245 | D:7      | 7245 ||| Stepping randomly (stuck).
  7246 | D:7      | 7246 ||| Stepping randomly (stuck).
  7247 | D:7      | 7247 ||| Stepping randomly (stuck).
  7248 | D:7      | 7248 ||| Stepping randomly (stuck).
  7249 | D:7      | 7249 ||| Stepping randomly (stuck).
  7250 | D:7      | 7250 ||| Stepping randomly (stuck).
  7251 | D:7      | 7251 ||| Stepping randomly (stuck).
  7252 | D:7      | 7252 ||| Stepping randomly (stuck).
  7253 | D:7      | 7253 ||| Stepping randomly (stuck).
  7254 | D:7      | 7254 ||| Stepping randomly (stuck).
  7256 | D:7      | 7256 ||| Stepping randomly (stuck).
  7258 | D:7      | 7258 ||| Stepping randomly (stuck).
  7259 | D:7      | 7259 ||| Stepping randomly (stuck).
  7260 | D:7      | 7260 ||| Stepping randomly (stuck).
  7261 | D:7      | 7261 ||| Stepping randomly (stuck).
  7262 | D:7      | 7262 ||| Stepping randomly (stuck).
  7263 | D:7      | 7263 ||| Stepping randomly (stuck).
  7264 | D:7      | 7264 ||| Stepping randomly (stuck).
  7265 | D:7      | 7265 ||| Stepping randomly (stuck).
  7266 | D:7      | 7266 ||| Stepping randomly (stuck).
  7267 | D:7      | 7267 ||| Stepping randomly (stuck).
  7268 | D:7      | 7268 ||| Stepping randomly (stuck).
  7269 | D:7      | 7269 ||| Stepping randomly (stuck).
  7270 | D:7      | 7270 ||| Stepping randomly (stuck).
  7271 | D:7      | 7271 ||| Stepping randomly (stuck).
  7272 | D:7      | 7272 ||| Stepping randomly (stuck).
  7273 | D:7      | 7273 ||| Stepping randomly (stuck).
  7274 | D:7      | 7274 ||| Stepping randomly (stuck).
  7275 | D:7      | 7275 ||| Stepping randomly (stuck).
  7276 | D:7      | 7276 ||| Stepping randomly (stuck).
  7277 | D:7      | 7277 ||| Stepping randomly (stuck).
  7279 | D:7      | 7279 ||| Stepping randomly (stuck).
  7280 | D:7      | 7280 ||| Stepping randomly (stuck).
  7281 | D:7      | 7281 ||| Stepping randomly (stuck).
  7282 | D:7      | 7282 ||| Stepping randomly (stuck).
  7283 | D:7      | 7283 ||| Stepping randomly (stuck).
  7284 | D:7      | 7284 ||| Stepping randomly (stuck).
  7285 | D:7      | 7285 ||| Stepping randomly (stuck).
  7286 | D:7      | 7286 ||| Stepping randomly (stuck).
  7287 | D:7      | 7287 ||| Stepping randomly (stuck).
  7288 | D:7      | 7288 ||| Stepping randomly (stuck).
  7289 | D:7      | 7289 ||| Stepping randomly (stuck).
  7290 | D:7      | 7290 ||| Stepping randomly (stuck).
  7291 | D:7      | 7291 ||| Stepping randomly (stuck).
  7292 | D:7      | 7292 ||| Stepping randomly (stuck).
  7294 | D:7      | 7294 ||| Stepping randomly (stuck).
  7295 | D:7      | 7295 ||| Stepping randomly (stuck).
  7296 | D:7      | 7296 ||| Stepping randomly (stuck).
  7297 | D:7      | 7297 ||| Stepping randomly (stuck).
  7299 | D:7      | 7299 ||| Stepping randomly (stuck).
  7300 | D:7      | 7300 ||| Stepping randomly (stuck).
  7301 | D:7      | 7301 ||| Stepping randomly (stuck).
  7302 | D:7      | 7302 ||| Stepping randomly (stuck).
  7303 | D:7      | 7303 ||| Stepping randomly (stuck).
  7304 | D:7      | 7304 ||| Stepping randomly (stuck).
  7305 | D:7      | 7305 ||| Stepping randomly (stuck).
  7306 | D:7      | 7306 ||| Stepping randomly (stuck).
  7307 | D:7      | 7307 ||| Stepping randomly (stuck).
  7308 | D:7      | 7308 ||| Stepping randomly (stuck).
  7309 | D:7      | 7309 ||| Stepping randomly (stuck).
  7310 | D:7      | 7310 ||| Stepping randomly (stuck).
  7311 | D:7      | 7311 ||| Stepping randomly (stuck).
  7312 | D:7      | 7312 ||| Stepping randomly (stuck).
  7314 | D:7      | 7314 ||| Stepping randomly (stuck).
  7315 | D:7      | 7315 ||| Stepping randomly (stuck).
  7316 | D:7      | 7316 ||| Stepping randomly (stuck).
  7317 | D:7      | 7317 ||| Stepping randomly (stuck).
  7318 | D:7      | 7318 ||| Stepping randomly (stuck).
  7319 | D:7      | 7319 ||| Stepping randomly (stuck).
  7320 | D:7      | 7320 ||| Stepping randomly (stuck).
  7321 | D:7      | 7321 ||| Stepping randomly (stuck).
  7322 | D:7      | 7322 ||| Stepping randomly (stuck).
  7323 | D:7      | 7323 ||| Stepping randomly (stuck).
  7324 | D:7      | 7324 ||| Stepping randomly (stuck).
  7325 | D:7      | 7325 ||| Stepping randomly (stuck).
  7326 | D:7      | 7326 ||| Stepping randomly (stuck).
  7327 | D:7      | 7327 ||| Stepping randomly (stuck).
  7328 | D:7      | 7328 ||| Stepping randomly (stuck).
  7330 | D:7      | 7330 ||| Stepping randomly (stuck).
  7331 | D:7      | 7331 ||| Stepping randomly (stuck).
  7333 | D:7      | 7333 ||| Stepping randomly (stuck).
  7334 | D:7      | 7334 ||| Stepping randomly (stuck).
  7335 | D:7      | 7335 ||| Stepping randomly (stuck).
  7336 | D:7      | 7336 ||| Stepping randomly (stuck).
  7337 | D:7      | 7337 ||| Stepping randomly (stuck).
  7338 | D:7      | 7338 ||| Stepping randomly (stuck).
  7339 | D:7      | 7339 ||| Stepping randomly (stuck).
  7340 | D:7      | 7340 ||| Stepping randomly (stuck).
  7341 | D:7      | 7341 ||| Stepping randomly (stuck).
  7342 | D:7      | 7342 ||| Stepping randomly (stuck).
  7343 | D:7      | 7343 ||| Stepping randomly (stuck).
  7344 | D:7      | 7344 ||| Stepping randomly (stuck).
  7345 | D:7      | 7345 ||| Stepping randomly (stuck).
  7347 | D:7      | 7347 ||| Stepping randomly (stuck).
  7348 | D:7      | 7348 ||| Stepping randomly (stuck).
  7349 | D:7      | 7349 ||| Stepping randomly (stuck).
  7357 | D:7      | 7357 ||| Stepping randomly (stuck).
  7358 | D:7      | 7358 ||| Stepping randomly (stuck).
  7359 | D:7      | 7359 ||| Stepping randomly (stuck).
  7360 | D:7      | 7360 ||| Stepping randomly (stuck).
  7361 | D:7      | 7361 ||| Stepping randomly (stuck).
  7493 | D:8      | 7493 ||| Stepping ~*~*~tactically~*~*~ (hiding).
  7860 | D:8      | Noticed a two-headed ogre
  7865 | D:8      | Killed a two-headed ogre
  7866 | D:8      | Reached skill level 14 in Axes
  7874 | D:8      | 7874 ||| Stepping ~*~*~tactically~*~*~ (stealth).
  7880 | D:8      | Reached XP level 9. HP: 64/81 MP: 8/8
  7895 | D:8      | Noticed Joseph
  7896 | D:8      | 7896 ||| Stepping ~*~*~tactically~*~*~ (stealth).
  7975 | D:8      | 7975 ||| Stepping ~*~*~tactically~*~*~ (hiding).
  7981 | Abyss:2  | Cast into level 2 of the Abyss (Joseph)
  8051 | Abyss:2  | Found a corrupted altar of Lugonu.
  8066 | Abyss:2  | Noticed a lich
  8067 | Abyss:2  | Reached skill level 6 in Armour
  8074 | Abyss:2  | Killed a lich
  8075 | Abyss:2  | Reached skill level 15 in Axes
  8077 | D:8      | Escaped the Abyss
  8083 | D:8      | HP: 8/82 [Joseph/+2 quarterstaff of distortion (14)]
  8084 | D:8      | 8084 ||| Stepping ~*~*~tactically~*~*~ (hiding).
  8087 | D:8      | 8087 ||| Stepping ~*~*~tactically~*~*~ (hiding).
  8091 | D:8      | HP: 5/82 [Joseph/+2 quarterstaff of distortion (5)]
  8091 | Abyss:2  | Found a corrupted altar of Lugonu.
  8091 | Abyss:2  | Cast into level 2 of the Abyss (Joseph)
  8104 | Abyss:2  | 8104 ||| Stepping ~*~*~tactically~*~*~ (stealth).
  8112 | Abyss:2  | 8112 ||| Stepping ~*~*~tactically~*~*~ (stealth).
  8168 | Abyss:2  | Noticed a sun demon
  8169 | Abyss:2  | 8169 ||| Stepping ~*~*~tactically~*~*~ (stealth).
  8259 | Abyss:2  | HP: 12/82 [sun demon (12)]
  8263 | Abyss:2  | Killed a sun demon
  8264 | Abyss:2  | Reached skill level 9 in Fighting
  8276 | Abyss:2  | Noticed a wretched star
  8277 | Abyss:2  | 8277 ||| Stepping ~*~*~tactically~*~*~ (stealth).
  8281 | Abyss:2  | Noticed a tentacled starspawn
  8283 | Abyss:2  | Slain by a tentacled starspawn

Levels and vault maps discovered:
D:1:      dpeg_arrival_water_temple_mockup, layout_basic, minmay_tetromino_l2
D:2:      layout_loops_corners
D:3:      layout_rooms, amcnicky_altar_gilded, skrybe_limestone_x
D:4:      layout_loops_cross, lemuel_crystal_altar, kennysheep_mini_moat,
          minivault_4, minmay_misc_feat_rugged
D:5:      minmay_evil_eye, layout_gridville, nemelex_xobeh_ov_fountains_minmay,
          grunt_temple_overflow_open, mainiacjoe_overflow_concentric_impassable
D:6:      layout_loops_ring, minmay_temple_entry_drinking_statues,
          minmay_misc_feat_more_columns, lightli_minifort
D:7:      layout_cave_pods, minmay_checkerbox
D:8:      layout_basic, nicolae_shop_vocational, uniq_joseph
Abyss:2:  base: D:4, base:
D:1

Skill      XL: |  1  2  3  4  5  6  7  8  9 |
---------------+----------------------------+-----
Axes           | 3 4 5 6 7 9 12 14 15 | 15.4
Dodging        | 1 2 |  2.2
Fighting       | 4 7 8 9 |  9.3
Armour         | 4 5 6 |  6.0
Shields        | 5 |  5.3

Action                   |  1- 3 |  4- 6 |  7- 9 || total
-------------------------+-------+-------+-------++-------
Melee: War axe           |    67 |   149 |   318 ||   534
       Headbutt          |     9 |    19 |    44 ||    72
Throw: Boomerang         |       |    19 |       ||    19
Invok: Sacrifice Experie |       |       |     1 ||     1
  Use: Scroll            |     3 |     6 |    10 ||    19
       Potion            |       |       |     4 ||     4
 Stab: Distracted        |       |       |     1 ||     1
Armor: Scale mail        |    25 |     1 |       ||    26
       Chain mail        |       |    54 |   125 ||   179
Dodge: Dodged            |    15 |    34 |    90 ||   139
Block: Buckler           |     9 |    30 |    39 ||    78

Table legend:
 A = Non-vault XP
 B = Vault XP
 C = Vault XP percentage of total XP
 D = Non-vault monster count
 E = Vault monster count
 F = Vault count percentage of total count
                 A         B        C        D         E       F
            +---------+---------+-------+---------+---------+-------
      Total |    7633 |     812 |   9.6 |     161 |      16 |   9.0
            +---------+---------+-------+---------+---------+-------
        D:1 |      29 |      15 |  34.1 |      10 |       2 |  16.7
        D:2 |      58 |       0 |   0.0 |      23 |       0 |   0.0
        D:3 |     111 |       0 |   0.0 |      22 |       0 |   0.0
        D:4 |     286 |       0 |   0.0 |      19 |       0 |   0.0
        D:5 |     341 |     207 |  37.8 |      10 |       5 |  33.3
        D:6 |    1127 |     208 |  15.6 |      26 |       5 |  16.1
        D:7 |    1238 |     382 |  23.6 |      26 |       4 |  13.3
        D:8 |    1702 |       0 |   0.0 |      22 |       0 |   0.0
    Abyss:2 |    2741 |       0 |   0.0 |       3 |       0 |   0.0
            +---------+---------+-------+---------+---------+-------
